 Dungeon Crawl Stone Soup version 0.22-a0-322-g60b3cfd (webtiles) character file.

181 Kairos the Covered (level 5, -2/37 HPs)
             Began as a Barachi Fighter on Apr 5, 2018.
             Was an Initiate of Okawaru.
             Slain by an orc
             ... wielding a +1 trident of venom
              (5 damage)
             ... on level 3 of the Dungeon.
             The game lasted 00:04:38 (1973 turns).

Kairos the Covered (Barachi Fighter)                Turns: 1973, Time: 00:04:40

Health: -2/37      AC:  7    Str: 17    XL:     5   Next: 61%
Magic:  5/5        EV:  8    Int:  7    God:    Okawaru [......]
Gold:   88         SH: 10    Dex: 12    Spells: 4/4 levels left

rFire    . . .     SeeInvis .   a - +1 long sword
rCold    . . .     Gourm    .   c - +1 shield
rNeg     . . .     Faith    .   b - +0 scale mail
rPois    .         Spirit   .   (helmet restricted)
rElec    .         Reflect  .   (no cloak)
rCorr    .         Harm     .   (no gloves)
MR       .....                  (no boots)
Stlth    ..........             (no amulet)
HPRegen  0.12/turn              (no ring)
MPRegen  0.09/turn              (no ring)

@: lethally poisoned (-2 -> -19), slow
A: +LOS, swims, beak, talons 1, dopey 1, frail 1, slowness 1, strong legs 1
a: Hop, Renounce Religion


You were on level 3 of the Dungeon.
You worshipped Okawaru.
Okawaru was noncommittal.
You were not hungry.

You visited 1 branch of the dungeon, and saw 3 of its levels.

You collected 88 gold pieces.

Inventory:

Hand Weapons
 a - a +1 long sword (weapon)
Armour
 b - a +0 scale mail (worn)
 c - a +1 shield (worn)
Scrolls
 g - 2 scrolls of teleportation
Potions
 d - a potion of might
 l - a potion of ambrosia {unknown}
Comestibles
 f - 4 rations
 h - 3 chunks of flesh


   Skills:
 + Level 4.0 Fighting
 + Level 4.1 Long Blades
 + Level 4.5 Armour
 + Level 1.8 Dodging
 + Level 0.5 Stealth
 + Level 4.4 Shields


You had 4 spell levels left.
You didn't know any spells.

Dungeon Overview and Level Annotations

Branches:
Dungeon (3/15)

Altars:
Fedhas
Okawaru


Innate Abilities, Weirdness & Mutations

Shadows flee at your approach. (+LOS)
You can swim through water.
You cover ground slowly.
You can hop short distances.
You have a beak for a mouth.
You have sharp toenails.
You are dopey. (Int -2)
You are frail. (-10% HP)


Message History

Items here: )) [ †††† You barely miss the orc.
* * * LOW HITPOINT WARNING * * *
You feel sick. The orc completely misses you.
You riposte.
You hit the orc.
The orc is heavily wounded.
Your shield prevents you from hitting the orc.
The orc is heavily wounded.
* * * LOW HITPOINT WARNING * * *
You feel sick.
The orc hits you with a trident of venom.
* * * LOW HITPOINT WARNING * * *
You are more poisoned.
It was a potion of mutation.
You feel extremely strange.
You feel frail.
You feel stupid.
Your mouth lengthens and hardens into a beak!
Your toenails lengthen and sharpen.
* * * LOW HITPOINT WARNING * * *
You feel sick.
The orc hits you with a trident of venom.
You die...

###### #....# #....#
#....#
#########....#
.............#
#####.....# .......
#.o@......# .......
#.####....# .......
##.# ###### .......
##.l#
.......#####oo##
o......S....So#
.).o.####..†#
#oo.##..#.......
#######.##†##.......


You could see an orc.

Vanquished Creatures
  A hound zombie (D:3)
  A gnoll (D:1)
  5 adders
  4 oozes (D:1)
  A worm (D:1)
  A dart slug (D:1)
  2 leopard geckos
  3 orcs (D:3)
  5 giant cockroaches
  5 goblins
  8 hobgoblins
  13 jackals
  2 ball pythons (D:1)
  11 bats
  3 frilled lizards (D:1)
  8 kobolds
  13 rats
86 creatures vanquished.

Notes
Turn   | Place    | Note
-------+----------+-------------------------------------------
     0 | D:1      | Kairos the Barachi Fighter began the quest for the Orb.
     0 | D:1      | Reached XP level 1. HP: 18/18 MP: 1/1
     1 | D:1      | Found a runed door.
   131 | D:1      | Reached XP level 2. HP: 25/25 MP: 2/2
   374 | D:1      | Reached XP level 3. HP: 18/30 MP: 3/3
   951 | D:1      | Reached XP level 4. HP: 35/37 MP: 4/4
   998 | D:1      | Reached skill level 1 in Dodging
  1372 | D:2      | Found an iron altar of Okawaru.
  1391 | D:2      | Reached XP level 5. HP: 36/42 MP: 5/5
  1402 | D:2      | Found a blossoming altar of Fedhas.
  1408 | D:2      | Became a worshipper of Warmaster Okawaru
  1973 | D:3      | Gained mutation: You are frail. (-10% HP) [potion of mutation]
  1973 | D:3      | Gained mutation: You are dopey. (Int -2) [potion of mutation]
  1973 | D:3      | Gained mutation: You have a beak for a mouth. [potion of mutation]
  1973 | D:3      | Gained mutation: You have sharp toenails. [potion of mutation]
  1973 | D:3      | Slain by an orc

Vault maps used:
D:1:      dpeg_arrival_caged_fury, minmay_hedge_maze, minivault_24
D:2:      grunt_temple_overflow_open
D:3:      lemuel_doored_altar

Skill      XL: |  1  2  3  4  5 |
---------------+----------------+-----
Fighting       | 4 |  4.0
Armour         | 4 |  4.5
Long Blades    | 3 4 |  4.1
Shields        | 4 |  4.4
Dodging        | 1 |  1.8
Stealth        | |  0.5

Action                   |  1- 3 |  4- 6 || total
-------------------------+-------+-------++-------
Melee: Long sword        |   129 |   153 ||   282
  Use: Scroll            |       |     8 ||     8
       Potion            |       |     1 ||     1
  Eat: Ration            |     1 |       ||     1
       Chunk             |       |     2 ||     2
Armor: Scale mail        |    59 |    79 ||   138
Dodge: Dodged            |    32 |    61 ||    93
Block: Shield            |    64 |    93 ||   157
       Rpst.: Long sword |     6 |    23 ||    29

Table legend:
 A = Spawn XP
 B = Non-spawn XP
 C = Spawn XP percentage of total XP
 D = Spawn monster count
 E = Non-spawn monster count
 F = Spawn count percentage of total count
 G = Total turns spent on level
                    A         B        C        D         E        F      G
               +---------+---------+-------+---------+---------+-------+---------
         Total |       0 |     259 |   0.0 |       0 |      86 |   0.0 |  1973
               +---------+---------+-------+---------+---------+-------+---------
           D:1 |       0 |     121 |   0.0 |       0 |      50 |   0.0 |  1110
           D:2 |       0 |      63 |   0.0 |       0 |      20 |   0.0 |   772
           D:3 |       0 |      75 |   0.0 |       0 |      16 |   0.0 |    91
               +---------+---------+-------+---------+---------+-------+---------
